EL
SPRINGFIELD CARDINALS @ TULSA DRILLERS
09/21/2045
 
TOP OF THE 1ST
Springfield Cardinals batting - Pitching for Tulsa Drillers : RHP Nobuharu Kobayashi
Pitching: RHP Nobuharu Kobayashi
Batting: RHB Tim Nettles 0-0: Ball
1-0: Ball
2-0: Foul Ball, location: 2F
2-1: Called Strike
2-2: Strikes out looking
Batting: RHB Danny Gallo 0-0: Ball
1-0: Ball
2-0: Ball
3-0: Base on Balls
Batting: LHB Tim Olsen 0-0: Ball
Danny Gallo is caught stealing 2nd base 2-6
1-0: Ball
2-0: Called Strike
2-1: Ball
3-1: Base on Balls
Batting: LHB Ichiro Toyota 0-0: Ball
1-0: Called Strike
1-1: Ball
2-1: Ball
3-1: Foul Ball, location: 2F
3-2: Ground out 4-3 (Groundball, 4, EV 83.1 MPH)
Top of the 1st over - 0 runs, 0 hits, 0 errors, 1 left on base; Springfield 0 - Tulsa 0
BOTTOM OF THE 1ST
Tulsa Drillers batting - Pitching for Springfield Cardinals : RHP Casey Cogdill
Pitching: RHP Casey Cogdill
Batting: RHB Tony Reyna 0-0: SINGLE (Flyball, 78S, EV 94.4 MPH)
Batting: LHB Antonio Luis 0-0: Swinging Strike
0-1: Ball
1-1: Grounds into double play, 4-6-3 (Groundball, 4, EV 78.8 MPH)
Batting: SHB Rich Rubio 0-0: Ball
1-0: SINGLE (Groundball, 6MS, EV 63.1 MPH) (infield hit)
Batting: RHB John Piccolo 0-0: Ball
1-0: Called Strike
1-1: Ball
2-1: Foul Ball, location: 2F
2-2: Foul Ball, location: 2F
2-2: Ball
Rich Rubio steals 2nd base
3-2: Foul Ball, location: 2F
3-2: Ground out 6-3 (Groundball, 56D, EV 101.9 MPH)
Bottom of the 1st over - 0 runs, 2 hits, 0 errors, 1 left on base; Springfield 0 - Tulsa 0
TOP OF THE 2ND
Springfield Cardinals batting - Pitching for Tulsa Drillers : RHP Nobuharu Kobayashi
Batting: RHB Jason Keller 0-0: Ball
1-0: Called Strike
1-1: Ball
2-1: Foul Ball, location: 2F
2-2: SINGLE (Groundball, 23, EV 68.8 MPH) (infield hit)
Batting: RHB Joe Alley 0-0: Ball
1-0: Called Strike
Jason Keller steals 2nd base
1-1: Fly out, F7 (Line Drive, 7, EV 96.9 MPH)
Batting: RHB Daniel Samano 0-0: Called Strike
Jason Keller steals 3rd base
0-1: Ball
1-1: Called Strike
1-2: Fly out, F9 (Flyball, 9S, EV 83.8 MPH)
Batting: RHB Justin Reich 0-0: Ball
1-0: Ball
2-0: Called Strike
2-1: Foul Ball, location: 2F
2-2: Fly out, F8 (Line Drive, 8LM, EV 92.5 MPH)
Top of the 2nd over - 0 runs, 1 hit, 0 errors, 1 left on base; Springfield 0 - Tulsa 0
BOTTOM OF THE 2ND
Tulsa Drillers batting - Pitching for Springfield Cardinals : RHP Casey Cogdill
Batting: RHB Eddie Perry 0-0: Ball
1-0: Ball
2-0: Called Strike
2-1: Called Strike
2-2: Foul Ball, location: 2F
2-2: DOUBLE (Line Drive, 78D, EV 105.6 MPH)
Batting: LHB Kippy McGrath 0-0: Called Strike
0-1: Fly out, F7 (Flyball, 7D, EV 83.1 MPH)
Batting: LHB Bobby Gambrell 0-0: Foul Ball, location: 2F
0-1: Swinging Strike
0-2: Ball
1-2: Ground out 6-3 (Groundball, 6, EV 81.2 MPH)
Batting: LHB Fernando Amaya 0-0: Called Strike
0-1: Foul Ball, location: 2F
0-2: Foul Ball, location: 2F
0-2: Ball
1-2: Strikes out swinging
Bottom of the 2nd over - 0 runs, 1 hit, 0 errors, 1 left on base; Springfield 0 - Tulsa 0
TOP OF THE 3RD
Springfield Cardinals batting - Pitching for Tulsa Drillers : RHP Nobuharu Kobayashi
Batting: LHB Yeong-hun Joe 0-0: Ball
1-0: SINGLE (Groundball, 25, EV 68.8 MPH) (infield hit)
Batting: RHB Tim Nettles 0-0: Ball
1-0: DOUBLE (Line Drive, 8RD, EV 96.2 MPH)
Yeong-hun Joe to third
Batting: RHB Danny Gallo 0-0: Ball
1-0: Called Strike
1-1: Swinging Strike
1-2: Ground out 6-3 (Groundball, 6S, EV 85.0 MPH)
Yeong-hun Joe scores
Tim Nettles to third
Batting: LHB Tim Olsen 0-0: Ball
1-0: Called Strike
1-1: Ball
2-1: SINGLE (Groundball, 13S, EV 71.9 MPH) (infield hit)
Batting: LHB Ichiro Toyota 0-0: Ball
1-0: Called Strike
Tim Olsen is caught stealing 2nd base 2-6
1-1: Ball
Wild Pitch!
Tim Nettles scores
2-1: Foul Ball, location: 2F
2-2: Foul Ball, location: 2F
2-2: Ball
3-2: Fly out, F6 (Popup, 6S, EV 75.0 MPH)
Top of the 3rd over - 2 runs, 3 hits, 0 errors, 0 left on base; Springfield 2 - Tulsa 0
BOTTOM OF THE 3RD
Tulsa Drillers batting - Pitching for Springfield Cardinals : RHP Casey Cogdill
Batting: RHB Kevin Ezell 0-0: Foul Ball, location: 2F
0-1: Swinging Strike
0-2: Strikes out swinging
Batting: RHB Tony Reyna 0-0: Ball
1-0: Ball
2-0: Called Strike
2-1: Foul Ball, location: 2F
2-2: Foul Ball, location: 2F
2-2: Fly out, F8 (Line Drive, 8RD, EV 91.2 MPH)
Batting: LHB Antonio Luis 0-0: Foul Ball, location: 2F
0-1: Swinging Strike
0-2: SINGLE (Line Drive, 9S, EV 108.8 MPH)
Batting: SHB Rich Rubio 0-0: Called Strike
0-1: Ball
1-1: Swinging Strike
1-2: Ball
2-2: Strikes out swinging
Bottom of the 3rd over - 0 runs, 1 hit, 0 errors, 1 left on base; Springfield 2 - Tulsa 0
TOP OF THE 4TH
Springfield Cardinals batting - Pitching for Tulsa Drillers : RHP Nobuharu Kobayashi
Batting: RHB Jason Keller 0-0: Swinging Strike
0-1: Ball
1-1: Called Strike
1-2: Ball
2-2: Foul Ball, location: 2F
2-2: Foul Ball, location: 2F
2-2: Ball
3-2: Base on Balls
Batting: RHB Joe Alley 0-0: Called Strike
Jason Keller steals 2nd base
0-1: Fly out, F9 (Line Drive, 9, EV 98.8 MPH)
Batting: RHB Daniel Samano 0-0: Ball
1-0: Foul Ball, location: 2F
1-1: Ground out 4-3 (Groundball, 4, EV 84.4 MPH)
Jason Keller to third
Batting: RHB Justin Reich 0-0: Swinging Strike
0-1: Foul Ball, location: 2F
0-2: Strikes out swinging
Top of the 4th over - 0 runs, 0 hits, 0 errors, 1 left on base; Springfield 2 - Tulsa 0
BOTTOM OF THE 4TH
Tulsa Drillers batting - Pitching for Springfield Cardinals : RHP Casey Cogdill
Batting: RHB John Piccolo 0-0: Ball
1-0: Ball
2-0: Called Strike
2-1: Ball
3-1: Called Strike
3-2: Foul Ball, location: 2F
3-2: Foul Ball, location: 2F
3-2: SINGLE (Groundball, 34D, EV 101.9 MPH)
Batting: RHB Eddie Perry 0-0: Swinging Strike
0-1: Foul Ball, location: 2F
0-2: Foul Ball, location: 2F
0-2: Strikes out swinging
Batting: LHB Kippy McGrath 0-0: Ball
1-0: Grounds into double play, 4-6-3 (Groundball, 4, EV 85.6 MPH)
Bottom of the 4th over - 0 runs, 1 hit, 0 errors, 0 left on base; Springfield 2 - Tulsa 0
TOP OF THE 5TH
Springfield Cardinals batting - Pitching for Tulsa Drillers : RHP Nobuharu Kobayashi
Batting: LHB Yeong-hun Joe 0-0: Ground out 4-3 (Groundball, 4, EV 78.1 MPH)
Batting: RHB Tim Nettles 0-0: Swinging Strike
0-1: Called Strike
0-2: Strikes out swinging
Batting: RHB Danny Gallo 0-0: Fly out, F9 (Flyball, 89D, EV 110.0 MPH)
Top of the 5th over - 0 runs, 0 hits, 0 errors, 0 left on base; Springfield 2 - Tulsa 0
BOTTOM OF THE 5TH
Tulsa Drillers batting - Pitching for Springfield Cardinals : RHP Casey Cogdill
Batting: LHB Bobby Gambrell 0-0: Ground out U3 (Groundball, 3L, EV 83.1 MPH)
Batting: LHB Fernando Amaya 0-0: Ball
1-0: Ground out 4-3 (Groundball, 4, EV 100.6 MPH)
Batting: RHB Kevin Ezell 0-0: Swinging Strike
0-1: Ball
1-1: Ball
2-1: Called Strike
2-2: Ball
3-2: Strikes out looking
Bottom of the 5th over - 0 runs, 0 hits, 0 errors, 0 left on base; Springfield 2 - Tulsa 0
TOP OF THE 6TH
Springfield Cardinals batting - Pitching for Tulsa Drillers : RHP Nobuharu Kobayashi
Batting: LHB Tim Olsen 0-0: Called Strike
0-1: Ball
1-1: Called Strike
1-2: Ball
2-2: Foul Ball, location: 2F
2-2: Fly out, F4 (Line Drive, 4, EV 66.9 MPH)
Batting: LHB Ichiro Toyota 0-0: Called Strike
0-1: Foul Ball, location: 2F
0-2: Fly out, F5 (Popup, 5SF, EV 85.6 MPH)
Batting: RHB Jason Keller 0-0: Foul Ball, location: 2F
0-1: Ball
1-1: Called Strike
1-2: Ball
2-2: Foul Ball, location: 2F
2-2: Ball
3-2: Base on Balls
Batting: RHB Joe Alley 0-0: Called Strike
0-1: Ball
1-1: Ball
2-1: Ball
3-1: Fielders Choice at 2nd, 5-4 (Groundball, 56, EV 101.9 MPH)
Top of the 6th over - 0 runs, 0 hits, 0 errors, 1 left on base; Springfield 2 - Tulsa 0
BOTTOM OF THE 6TH
Tulsa Drillers batting - Pitching for Springfield Cardinals : RHP Casey Cogdill
Batting: RHB Tony Reyna 0-0: Ball
1-0: Ball
2-0: Ground out 4-3 (Groundball, 4, EV 107.5 MPH)
Batting: LHB Antonio Luis 0-0: Called Strike
0-1: Ball
1-1: Foul Ball, location: 2F
1-2: Ground out U3 (Groundball, 3L, EV 84.4 MPH)
Batting: SHB Rich Rubio 0-0: Called Strike
0-1: Ball
1-1: Ball
2-1: Fly out, F9 (Line Drive, 9, EV 92.5 MPH)
Bottom of the 6th over - 0 runs, 0 hits, 0 errors, 0 left on base; Springfield 2 - Tulsa 0
TOP OF THE 7TH
Springfield Cardinals batting - Pitching for Tulsa Drillers : RHP Nobuharu Kobayashi
Pitching: RHP Justin Donovan
Batting: RHB Daniel Samano 0-0: Ball
1-0: Foul Ball, location: 2F
1-1: Ball
2-1: Fly out, F8 (Flyball, 8LD, EV 103.8 MPH)
Batting: RHB Justin Reich 0-0: Ball
1-0: Ground out U3 (Groundball, 34, EV 83.8 MPH)
Batting: LHB Yeong-hun Joe 0-0: Swinging Strike
0-1: Ball
1-1: Swinging Strike
1-2: Ball
2-2: Foul Ball, location: 2F
2-2: Strikes out swinging
Top of the 7th over - 0 runs, 0 hits, 0 errors, 0 left on base; Springfield 2 - Tulsa 0
BOTTOM OF THE 7TH
Tulsa Drillers batting - Pitching for Springfield Cardinals : RHP Casey Cogdill
Pitching: RHP El-Shamy Saami
Batting: RHB John Piccolo 0-0: Called Strike
0-1: DOUBLE (Flyball, 8LXD, EV 98.1 MPH) - OUT at third base trying to stretch hit.
Batting: RHB Eddie Perry 0-0: Ball
1-0: Ground out 6-3 (Groundball, 56, EV 91.9 MPH)
Batting: LHB Kippy McGrath 0-0: Called Strike
0-1: Ground out 5-3 (Groundball, 56, EV 99.4 MPH)
Bottom of the 7th over - 0 runs, 1 hit, 0 errors, 0 left on base; Springfield 2 - Tulsa 0
TOP OF THE 8TH
Springfield Cardinals batting - Pitching for Tulsa Drillers : RHP Justin Donovan
Batting: RHB Tim Nettles 0-0: Called Strike
0-1: Called Strike
0-2: Strikes out looking
Batting: RHB Danny Gallo 0-0: Ball
1-0: Foul Ball, location: 2F
1-1: Ball
2-1: Foul Ball, location: 2F
2-2: SINGLE (Groundball, 6MD, EV 103.8 MPH)
Batting: LHB Tim Olsen 0-0: Fielders Choice at 2nd, 1-4 (Groundball, 15S, EV 66.2 MPH)
Batting: LHB Ichiro Toyota 0-0: Ball
1-0: Fly out, F8 (Flyball, 78S, EV 78.1 MPH)
Top of the 8th over - 0 runs, 1 hit, 0 errors, 1 left on base; Springfield 2 - Tulsa 0
BOTTOM OF THE 8TH
Tulsa Drillers batting - Pitching for Springfield Cardinals : RHP El-Shamy Saami
Batting: LHB Bobby Gambrell 0-0: Foul Ball, location: 2F
0-1: Ball
1-1: Ball
2-1: Ball
3-1: Base on Balls
Pinch Hitting: SHB Xavier Alaniz 0-0: Ball
1-0: Ball
2-0: Swinging Strike
2-1: Foul Ball, location: 2F
2-2: Ball
3-2: Base on Balls
Bobby Gambrell to second
Batting: RHB Kevin Ezell 0-0: Bunted foul
0-1: Bunt missed!
0-2: Ball
1-2: Grounds into double play, 4-6-3 (Groundball, 34D, EV 87.5 MPH)
Bobby Gambrell to third
Pinch Hitting: LHB Mike Dickinson 0-0: Foul Ball, location: 2F
0-1: Ball
1-1: Ball
2-1: Called Strike
2-2: Ball
3-2: Ground out U3 (Groundball, 3, EV 88.8 MPH)
Bottom of the 8th over - 0 runs, 0 hits, 0 errors, 1 left on base; Springfield 2 - Tulsa 0
TOP OF THE 9TH
Springfield Cardinals batting - Pitching for Tulsa Drillers : RHP Justin Donovan
Pitching: RHP Russell Rider
Now at SS: Phil Knox
Now in RF: Xavier Alaniz
Batting: RHB Jason Keller 0-0: SINGLE (Groundball, 25, EV 69.4 MPH) (infield hit)
Batting: RHB Joe Alley 0-0: Called Strike
0-1: Hit by Pitch
Jason Keller to second
Batting: RHB Daniel Samano 0-0: Ball
1-0: Bunt missed!
1-1: Bunted foul
1-2: Foul Ball, location: 2F
1-2: Strikes out swinging
Batting: RHB Justin Reich 0-0: Ball
1-0: Ball
2-0: Ball
3-0: Called Strike
3-1: SINGLE (Groundball, 56D, EV 105.6 MPH)
Jason Keller to third
Joe Alley to second
Runner from 3rd tries for Home, SAFE, throw by LF to home
Batting: LHB Yeong-hun Joe 0-0: Ground out 4-3 (Groundball, 34D, EV 105.6 MPH)
Joe Alley to third
Justin Reich to second
Batting: RHB Tim Nettles 0-0: 3-RUN HOME RUN (Flyball, 7D, EV 105.6 MPH), Distance : 402 ft
Pitching: RHP Charles Durand
Batting: RHB Danny Gallo 0-0: Called Strike
0-1: Swinging Strike
0-2: Foul Ball, location: 2F
0-2: Strikes out swinging
Top of the 9th over - 4 runs, 3 hits, 0 errors, 0 left on base; Springfield 6 - Tulsa 0
BOTTOM OF THE 9TH
Tulsa Drillers batting - Pitching for Springfield Cardinals : RHP El-Shamy Saami
Batting: LHB Antonio Luis 0-0: Ground out 4-3 (Groundball, 4, EV 90.6 MPH)
Batting: SHB Rich Rubio 0-0: Fly out, F9 (Flyball, 9, EV 81.9 MPH)
Batting: RHB John Piccolo 0-0: DOUBLE (Line Drive, 89M, EV 104.4 MPH)
Batting: RHB Eddie Perry 0-0: Foul Ball, location: 2F
0-1: Fly out, F7 (Flyball, 78D, EV 90.6 MPH)
Bottom of the 9th over - 0 runs, 1 hit, 0 errors, 1 left on base; Springfield 6 - Tulsa 0
Wednesday, June 22nd , 2022 - OOTP Baseball 23.4 Build 64